 Dungeon Crawl Stone Soup version 0.32-a0-42-ga30500b4d3 (webtiles) character file.

Game seed: 10405065609068833056

192 pokeman the Magician (level 5, -5/29 HPs)
             Began as a Deep Elf Hedge Wizard on Jan 29, 2024.
             Slain by a gnoll
             ... wielding a +0 club
             ... led by a gnoll bouda
              (8 damage)
             ... on level 4 of the Dungeon.
             The game lasted 00:05:55 (3938 turns).

pokeman the Magician (Deep Elf Hedge Wizard)        Turns: 3938, Time: 00:05:56

Health: -5/29      AC:  5    Str:  7    XL:     5   Next: 42%
Magic:  2/15       EV: 13    Int: 21    God:
Gold:   173        SH:  0    Dex: 14    Spells: 8/16 levels left

rFire   . . .        s - +10 hammer of Nightmares {freeze, *Noise rElec rPois rC+}
rCold   + . .        (no shield)
rNeg    . . .        b - +0 robe
rPois   +            c - +0 hat
rElec   +            e - +2 cloak
rCorr   .            (no gloves)
SInv    .            (no boots)
Will    .....        (no amulet)
Stlth   ++           (no ring)
HPRegen 0.24/turn    (no ring)
MPRegen 0.14/turn

%: no passive effects
@: no status effects
A: no striking features
a: no special abilities


You were on level 4 of the Dungeon.
You visited 1 branch of the dungeon, and saw 4 of its levels.

You collected 173 gold pieces.

Inventory:

Hand Weapons
 r - a +3 quarterstaff of chaos
 s - the +10 hammer of Nightmares (weapon) {freeze, *Noise rElec rPois rC+}
   (You found it on level 2 of the Dungeon)

   rC+:       It protects you from cold.
   rElec:     It insulates you from electricity.
   rPois:     It protects you from poison *Noise: It may make a loud noise when
   swung.
Armour
 b - a +0 robe (worn)
 c - a +0 hat (worn)
 e - a +2 cloak (worn)
Wands
 a - a wand of paralysis (7)
Scrolls
 f - 4 scrolls of identify {unknown}
 g - a scroll of enchant armour {unknown}
 h - a scroll of butterflies {unknown}
 i - a scroll of fog {unknown}
 j - a scroll of teleportation {unknown}
 k - a scroll of immolation {unknown}
 o - a scroll of blinking {unknown}
 p - a scroll of vulnerability {unknown}
 u - a scroll of fear {unknown}
Potions
 d - a potion of magic
 l - a potion of brilliance {unknown}
 m - 2 potions of curing {unknown}
 n - a potion of haste {unknown}
 q - a potion of heal wounds {unknown}
 t - a potion of ambrosia {unknown}


   Skills:
 - Level 1.0 Fighting
 - Level 1.0 Armour
 - Level 3.0 Dodging
 - Level 3.0 Stealth
 * Level 6.3 Spellcasting
 + Level 2.6 Conjurations
 - Level 1.1 Summonings
 - Level 1.1 Translocations
 + Level 0.5 Air Magic
 + Level 0.5 Alchemy
 + Level 0.6 Evocations


You had 8 spell levels left.
You knew the following spells:

 Your Spells              Type           Power      Damage    Failure   Level
a - Magic Dart            Conj           68%        1d6       3%          1
b - Mephitic Cloud        Conj/Alch/Air  11%        N/A       17%         3
c - Call Imp              Summ           22%        N/A       9%          2
d - Blink                 Tloc           22%        N/A       9%          2

Your spell library contained the following spells:

 Spells                   Type           Power      Damage    Failure   Level
 Lesser Beckoning         Tloc           22%        N/A       9%          2
 Slow                     Hex            24%        N/A       10%         1
 Cigotuvi's Dreadful Rot  Necr/Alch/Air  16%        N/A       12%         2
 Gell's Gravitas          Tloc           11%        N/A       19%         3
 Teleport Other           Tloc           11%        N/A       19%         3
 Anguish                  Hex/Necr       3%         N/A       67%         4
 Cause Fear               Hex            3%         N/A       67%         4
 Enfeeble                 Hex            3%         N/A       100%        7


Dungeon Overview and Level Annotations

Branches:
Dungeon (4/15)
 Temple: D:4-7

Altars:
Gozag
The Shining One

Annotations:
D:3 3 runed translucent doors, Echelon's ghost, amateur FoFi


Message History

Confirm with . or Enter, or press ? or * to list all spells.
You blink.
The gnoll throws a stone.
The stone completely misses you.
Unknown command.
The gnoll throws a stone.
The stone hits you but does no damage.
Aiming: Paralyse
Press: ? - help, Shift-Dir - straight line, f - gnoll
Aim: a gnoll, wielding a +0 whip (covering ground quickly, chance to affect: 59%)
The gnoll suddenly stops moving!
You feel ready to blink again.
Unknown command.
Okay, then.
Unknown command.
You sock the ball python! You freeze the ball python.
You kill the ball python!
The gnoll is no longer moving quickly.
Unknown command.
Aiming: Paralyse
Press: ? - help, Shift-Dir - straight line, f - gnoll bouda, p - gnoll
Aim: a gnoll bouda, wielding a +0 whip and wearing a +0 leather armour (moderately wounded, chance to affect: 50%)
The gnoll bouda suddenly stops moving!
Unknown command.
You closely miss the goblin. The goblin hits you but does no damage.
The goblin barely misses you.
Unknown command.
You barely miss the goblin.
The gnoll is no longer moving quickly.
The goblin hits you with a +0 club.
* * * LOW HITPOINT WARNING * * *
Unknown command.
You sock the goblin! You freeze the goblin.
You kill the goblin!
The helpless gnoll fails to defend itself.
You sock the gnoll! You freeze the gnoll.
The gnoll is severely wounded.
The gnoll hits you with a +0 club.
* * * LOW HITPOINT WARNING * * *
Unknown command.
You hit the gnoll. You freeze the gnoll.
The gnoll is heavily wounded.
The gnoll hits you with a +0 club!
You die...

######.##.........#
#...##.#..#.......##
#...##......!......##.
#........!............
.##.††................
....<........../....#
.........##...g)....#
..#......g..g..#g#
.........).....#@#
..#...#........#g#
.##...#!.?#.g...g# .
.##..........### #.
#.......#..# ..
....##...... ##
#.....#. #........
......## #


You could see 3 gnolls.

Vanquished Creatures
  Jessica (D:3)
  An iguana (D:4)
  4 adders
  A gnoll (D:1)
  4 dart slugs
  A ribbon worm (D:2)
  6 bats
  3 endoplasms
  2 giant cockroaches
  3 goblins
  6 hobgoblins
  5 quokkas
  8 ball pythons
  A frilled lizard (D:2)
  5 kobolds
  6 rats
57 creatures vanquished.

Vanquished Creatures (collateral kills)
  Crazy Yiuf (D:2)
1 creature vanquished.

Grand Total: 58 creatures vanquished

Notes
Turn   | Place    | Note
-------+----------+-------------------------------------------
     0 | D:1      | pokeman the Deep Elf Hedge Wizard began the quest for the
                  | Orb.
     0 | D:1      | Reached XP level 1. HP: 10/10 MP: 7/7
   387 | D:1      | Reached XP level 2. HP: 16/16 MP: 4/9
   953 | D:1      | Reached skill level 5 in Spellcasting
  1074 | D:1      | Reached XP level 3. HP: 20/20 MP: 9/11
  1078 | D:1      | Learned a level 3 spell: Mephitic Cloud
  1081 | D:1      | Learned a level 2 spell: Call Imp
  1084 | D:1      | Learned a level 2 spell: Blink
  1667 | D:2      | Found a runed translucent door.
  1668 | D:2      | Noticed Crazy Yiuf
  1900 | D:2      | Reached skill level 1 in Fighting
  1900 | D:2      | Reached skill level 1 in Armour
  2337 | D:2      | Reached XP level 4. HP: 25/25 MP: 6/13
  2737 | D:2      | Killed Crazy Yiuf
  2750 | D:2      | Identified the +10 hammer of Nightmares {freeze, *Noise
                  | rElec rPois rC+}
  3015 | D:3      | Noticed Jessica
  3023 | D:3      | Killed Jessica
  3024 | D:3      | Reached skill level 6 in Spellcasting
  3033 | D:3      | Reached XP level 5. HP: 29/29 MP: 0/15
  3276 | D:3      | Found a faded altar of an unknown god.
  3281 | D:3      | Found a glowing golden altar of the Shining One.
  3428 | D:3      | Found a runed translucent gate.
  3428 | D:3      | Found a runed translucent gate.
  3428 | D:3      | Found an opulent altar of Gozag.
  3443 | D:3      | Found a runed translucent gate.
  3445 | D:3      | Noticed Echelon's ghost (amateur FoFi)
  3918 | D:4      | HP: 1/29 [gnoll bouda/+0 whip (11)]
  3938 | D:4      | Slain by a gnoll

Illustrated notes

Levels and vault maps discovered:
D:1:      nicolae_arrival_somewhat_less_tricky_arrival, layout_basic
D:2:      layout_loops_corners, uniq_crazy_yiuf_cottage
D:3:      layout_basic, nicolae_overflow_ecumenical_swirl, ebering_ghost_gozag,
          uniq_jessica
D:4:      layout_rooms, kennysheep_mini, old_standard_altar

Skill      XL: |  1  2  3  4 |
---------------+-------------+-----
Spellcasting   | 5 6 |  6.3
Fighting       | 1 |  1.0
Armour         | 1 |  1.0
Conjurations   | 2 |  2.6
Stealth        | 3 |  3.0
Dodging        | 3 |  3.0
Summonings     | |  1.1
Translocations | |  1.1
Air Magic      | |  0.5
Alchemy        | |  0.5
Evocations     | |  0.6

Action                     |  1- 3 |  4- 6 || total
---------------------------+-------+-------++-------
  Melee: Dagger            |     2 |       ||     2
         Mace              |       |    17 ||    17
   Cast: Magic Dart        |    97 |    51 ||   148
         Mephitic Cloud    |     1 |     4 ||     5
         Call Imp          |     1 |     2 ||     3
         Blink             |       |     1 ||     1
  Evoke: Wand              |       |     2 ||     2
   Stab: Confused          |     1 |     1 ||     2
         Paralysed         |       |     1 ||     1
 Armour: Robe              |    19 |    14 ||    33
  Dodge: Dodged            |    13 |    19 ||    32

Table legend: (Time is in decaauts)
 A = Elapsed time spent in this place.
 B = Non-inter-level travel time spent in this place.
 C = Inter-level travel time spent in this place.
 D = Time resting spent in this place.
 E = Time spent auto-exploring this place.
 F = Levels seen in this place.
 G = Mean time per level.
                   A        B        C        D        E       F      G
               +--------+--------+--------+--------+--------+-----+--------+
         Total |   3943 |   3787 |    156 |    109 |   3322 |   4 |  985.8 |
       Dungeon |   3943 |   3787 |    156 |    109 |   3322 |   4 |  985.8 |
               +--------+--------+--------+--------+--------+-----+--------+

Top non-repeatable levels by time:
     D:1: 1515 daAuts
     D:2: 1334 daAuts
     D:3: 1039 daAuts
     D:4: 54 daAuts
